 Dungeon Crawl Stone Soup version 0.17-a0-1946-gfb768fe (webtiles) character file.

56 HungrySpirit the Ruffian (level 3, -1/28 HPs)
             Began as a Draconian Transmuter on Oct 1, 2015.
             Slain by a hobgoblin
             ... wielding a +0 club
             ... led by Robin
              (10 damage)
             ... on level 2 of the Dungeon.
             The game lasted 00:02:02 (1320 turns).

HungrySpirit the Ruffian (Draconian Transmuter)     Turns: 1320, Time: 00:02:02

Health: -1/28      AC:  6    Str: 12    XL:     3   Next: 69%
Magic:  6/6        EV: 12    Int: 14    God:
Gold:   27         SH:  0    Dex: 11    Spells: 1 memorised, 6 levels left

rFire  . . .     SeeInvis .       - Unarmed
rCold  . . .     Clarity  .     (armour unavailable)
rNeg   . . .     SustAt   .     (no shield)
rPois  .         Gourm    .     (helmet restricted)
rElec  .         Spirit   .     (no cloak)
rCorr  .         Warding  .     j - +0 pair of gloves
rMut   .         Stasis   .     (no boots)
MR     .....                    (no amulet)
Stlth  +.........               (no ring)
                                (no ring)

@: confused, not resistant to hostile enchantments, very unstealthy
A: unfitting armour, cold-blooded, AC +5
a: no special abilities


You were on level 2 of the Dungeon.
You were not hungry.

You visited 1 branch of the dungeon, and saw 2 of its levels.

You collected 27 gold pieces.

Inventory:

Missiles
 a - 30 arrows
Armour
 j - a +0 pair of gloves (worn)
Jewellery
 e - an uncursed ring of flight {unknown}
Scrolls
 f - a scroll of fog {unknown}
 m - a scroll of teleportation {unknown}
Potions
 g - a potion of haste {unknown}
 h - a potion of mutation {unknown}
 i - a potion of agility {unknown}
 l - a potion of brilliance {unknown}
 n - a potion of invisibility {unknown}
Books
 b - a book of Changes

   Spells                             Type                      Level
   a - Beastly Appendage              Transmutation                1
   b - Sticks to Snakes               Transmutation                2
   c - Spider Form                    Transmutation/Poison         3
   d - Ice Form                       Ice/Transmutation            4
   e - Blade Hands                    Transmutation                5
Comestibles
 c - 2 bread rations
 d - 3 fruits
 k - a meat ration


   Skills:
 - Level 1.1 Fighting
 - Level 1.7 Dodging
 + Level 3.6 Unarmed Combat
 + Level 2.5 Spellcasting
 * Level 3.0 Transmutations


You had 6 spell levels left.
You knew the following spells:

 Your Spells              Type           Power        Failure   Level  Hunger
a - Beastly Appendage     Trmt           ##....       10%         1    #......


Dungeon Overview and Level Annotations

Branches:
Dungeon (2/15)

Altars:

Annotations:
D:2 Robin


Innate Abilities, Weirdness & Mutations

Your plain brown scales are hard (AC +5).
Your body does not fit into most forms of armour.
You are cold-blooded and may be slowed by cold attacks.


Message History

The goblin hits you.
The hobgoblin hits you but does no damage.
Robin zaps a wand.
You are more confused.
Unknown command.
You miss Robin.
Robin is severely wounded.
The goblin barely misses you. The hobgoblin misses you.
Unknown command.
You bump into the rock wall.
The goblin hits you but does no damage. The hobgoblin hits you with a club.
Unknown command.
You hit the goblin.
You kill the goblin!
Unknown command.
You hit the hobgoblin.
The hobgoblin is heavily wounded.
Robin zaps a wand.
You resist with significant effort. The hobgoblin hits you with a club.
The hobgoblin hits you with a club!
You die...

#.....#
#...g.<...
###....g#
##....g.##
#.......#
#......#
#..#.....#
#......# #.
#.<...#
####..## #
###)..# ....
#...##g.. ##..
###g.......
...
#@gg..#####
#....gg#.#.#
.....#..g...#
.......##.#...
...#...
..#.#.# ..
#... ..# #.# .
.... #.. #
..... #.


You could see Robin, 4 hobgoblins and 2 goblins.

Vanquished Creatures
  Terence (D:2)
  A gnoll (D:1)
  A giant gecko (D:1)
  5 giant cockroaches (D:1)
  2 hobgoblins (D:1)
  A ball python (D:1)
  A bat (D:1)
  2 giant newts (D:1)
  4 goblins
  A kobold (D:1)
  A rat (D:1)
20 creatures vanquished.

Notes
Turn   | Place    | Note
--------------------------------------------------------------
     0 | D:1      | HungrySpirit the Draconian Transmuter began the quest for the Orb.
     0 | D:1      | Reached XP level 1. HP: 16/16 MP: 3/3
   502 | D:1      | Reached XP level 2. HP: 17/23 MP: 5/5
  1040 | D:2      | Noticed Robin
  1255 | D:2      | Noticed Terence
  1263 | D:2      | Killed Terence
  1263 | D:2      | Reached XP level 3. HP: 24/28 MP: 4/6
  1320 | D:2      | Slain by a hobgoblin

Vault maps used:
D:1:      dpeg_arrival_water_altar
D:2:      uniq_robin, uniq_jessica, uniq_terence

Action                   || total
-------------------------++-------
Melee: Unarmed           ||   124
 Cast: Beastly Appendage ||     3
  Eat: Chunk             ||     1
